 Dungeon Crawl Stone Soup version 0.31.0-9-g3a7656b989 (webtiles) character file.

Game seed: 458913408647953900

438 qw the Ducker (level 6, -1/32 HPs)
             Began as a Spriggan Hunter on Feb 2, 2024.
             Was a Follower of Okawaru.
             Slain by a hound (5 damage)
             ... on level 5 of the Dungeon.
             The game lasted 00:00:13 (3295 turns).

qw the Ducker (Spriggan Hunter)                     Turns: 3295, Time: 00:00:13

Health: -1/32      AC:  2    Str:  7      XL:     6   Next: 69%
Magic:  7/7        EV: 21    Int: 10 (11) God:    Okawaru [*.....]
Gold:   164        SH:  0    Dex: 19 (20) Spells: 5/5 levels left

rFire   . . .        a - +3 shortbow
rCold   + . .        (shield currently unavailable)
rNeg    + . .        c - +0 robe
rPois   .            (helmet restricted)
rElec   .            (no cloak)
rCorr   .            (gloves unavailable)
SInv    +            (boots unavailable)
Will    +....        (no amulet)
Stlth   ++           g - ring of positive energy
HPRegen 0.25/turn    k - ring of protection from cold
MPRegen 0.10/turn

%: no passive effects
@: about to teleport, very quick
A: very small, no large weapons, unfitting armour, see invisible, speed 3
a: Renounce Religion, Heroism


You were on level 5 of the Dungeon.
You worshipped Okawaru.
Okawaru was aware of your devotion.
You visited 2 branches of the dungeon, and saw 6 of its levels.

You collected 164 gold pieces.


Innate Abilities, Weirdness & Mutations

You are very small and have problems with some larger weapons.
You are too small for most types of armour.
You have supernaturally acute eyesight. (SInv)
You cover ground extremely quickly. (Speed+++)


   Skills:
 - Level 2.4 Fighting
 + Level 6.1 Ranged Weapons
 - Level 6.6 Dodging
 - Level 1.5 Stealth
 + Level 0.0 Invocations


You had 5 spell levels left.
You didn't know any spells.
Your spell library was empty.

Inventory:

Hand Weapons
 a - a +3 shortbow (weapon)
Armour
 c - a +0 robe (worn)
Jewellery
 d - an amulet of reflection
 g - a ring of positive energy (left hand)
 k - a ring of protection from cold (right hand)
Potions
 b - a potion of mutation {unknown}
 e - a potion of might
 f - a potion of resistance
 h - a potion of curing
 i - a potion of brilliance {unknown}

Dungeon Overview and Level Annotations

Branches:
Dungeon (5/15)             Temple (1/1) D:4

Altars:
Ashenzari
Cheibriados
Dithmenos
Kikubaaqudgha
Okawaru
Xom
Yredelemnul
Zin
The Shining One

Annotations:
D:4 2 transporters, qw's ghost, novice SpHu


Message History

The iguana is moderately wounded.
You shoot an arrow. The arrow hits the iguana.
The iguana is heavily wounded.
You hear a bark!
A hound comes into view.
You shoot an arrow. The arrow hits the iguana.
The iguana is heavily wounded.
The iguana misses you.
You shoot an arrow.
The arrow hits the iguana but does no damage.
The iguana is heavily wounded.
The iguana barely misses you. The hound bites you.
You shoot an arrow.
The arrow hits the iguana but does no damage.
The iguana is heavily wounded.
The hound completely misses you. The iguana bites you!
The hound completely misses you.
You shoot an arrow. The arrow hits the iguana!
You kill the iguana!
Okawaru accepts your kill.
You can now gain great but temporary skills.
The white imp misses you. The hound closely misses you.
The white imp gestures at you. The puff of frost hits you. You resist.
You shoot an arrow. The arrow hits the white imp.
The white imp is severely wounded.
The hound bites you. The hound closely misses you.
The white imp barely misses you.
You shoot an arrow. The arrow hits the white imp.
The white imp is almost dead.
The hound completely misses you. The white imp misses you. The hound bites you.
3294 ||| READING scroll of teleportation.
As you read the scroll of teleportation, it crumbles to dust.
You feel strangely unstable. The hound bites you. The white imp misses you.
You shoot an arrow. The arrow hits the white imp.
You kill the white imp!
Okawaru accepts your kill. The hound bites you. x2
You die...

### .##. ..# .#.
#######.. ...(
........# #..
......h.#####.# ##
.:.....@...##.####...
.......###...........
...............>...#
.##.########.......#
# ###.#.##..
##.#######.....#
......#......###
.##.#...###.##
........###.###


You could see a hound.

Vanquished Creatures
  A phantom (D:5)
  2 jellies (D:4)
  2 hounds (D:4)
  An orc priest (D:4)
  A gnoll bouda (D:5)
  An iguana (D:5)
  5 adders
  3 gnolls
  A white imp (D:5)
  2 dart slugs
  3 ribbon worms
  3 orcs
  3 bats
  8 endoplasms
  5 giant cockroaches
  11 goblins
  6 hobgoblins
  2 jackals (D:1)
  3 quokkas
  5 ball pythons
  4 frilled lizards
  8 kobolds
  7 rats
87 creatures vanquished.

Notes
Turn   | Place    | Note
-------+----------+-------------------------------------------
     0 | D:1      | qw the Spriggan Hunter began the quest for the Orb.
     0 | D:1      | Reached XP level 1. HP: 10/10 MP: 2/2
     0 | D:1      | 0 ||| qw: Version: 0.3-a-155-g5e7d8dd
     0 | D:1      | 0 ||| qw: Game counter: 1884
     0 | D:1      | 0 ||| qw: Melee chars always use a shield: true
     0 | D:1      | 0 ||| qw: God list: Okawaru
     0 | D:1      | 0 ||| qw: Allow faded altars: false
     0 | D:1      | 0 ||| qw: Do Orc after clearing Dungeon:15 true
     0 | D:1      | 0 ||| qw: Do second Lair branch before Depths: true
     0 | D:1      | 0 ||| qw: Lair rune preference: random
     0 | D:1      | 0 ||| qw: Goals: Normal
     0 | D:1      | 0 ||| PLANNING D:1-11
     7 | D:1      | Reached skill level 3 in Dodging
   114 | D:1      | Reached XP level 2. HP: 14/14 MP: 3/3
   425 | D:1      | 425 ||| UPGRADING to ring of positive energy.
   426 | D:1      | 426 ||| READING scroll labelled KEOWAY NOAL.
   527 | D:1      | 527 ||| READING scroll labelled ISYTAB UPOA.
   527 | D:1      | 527 ||| IDENTIFYING viscous orange potion
   528 | D:1      | 528 ||| READING scroll labelled FAACEI JYMICI.
   529 | D:1      | 529 ||| DROPPING scroll of butterflies.
   530 | D:1      | 530 ||| DROPPING potion of lignification.
   553 | D:2      | 553 ||| STAIRDANCE
   570 | D:2      | 570 ||| STAIRDANCE
   581 | D:1      | Reached XP level 3. HP: 12/18 MP: 4/4
   617 | D:2      | 617 ||| STAIRDANCE
   742 | D:2      | Reached XP level 4. HP: 12/22 MP: 5/5
  1066 | D:2      | 1066 ||| READING 3 scrolls of identify.
  1066 | D:2      | 1066 ||| IDENTIFYING glowing clear potion
  1067 | D:2      | 1067 ||| READING 2 scrolls of identify.
  1067 | D:2      | 1067 ||| IDENTIFYING green potion
  1068 | D:2      | 1068 ||| READING scroll of identify.
  1068 | D:2      | 1068 ||| IDENTIFYING red potion
  1069 | D:2      | 1069 ||| READING scroll labelled ENWIDA LOODYT.
  1070 | D:2      | 1070 ||| READING scroll labelled SENOKH YRHIA.
  1070 | D:2      | 1070 ||| ENCHANTING +0 shortbow.
  1071 | D:2      | 1071 ||| READING scroll labelled NEUBOETUOCW.
  1075 | D:2      | 1075 ||| READING scroll labelled NENEVEKHERI.
  1075 | D:2      | 1075 ||| ENCHANTING +0 shortbow.
  1673 | D:3      | 1673 ||| READING scroll labelled KOMOTA ULUPH.
  1736 | D:4      | Reached XP level 5. HP: 27/27 MP: 6/6
  2051 | D:4      | Found a transporter.
  2051 | D:4      | Noticed qw's ghost (novice SpHu)
  2052 | D:4      | Noticed a phantom
  2053 | D:4      | Found a transporter.
  2320 | D:4      | 2320 ||| READING scroll of enchant weapon.
  2320 | D:4      | 2320 ||| ENCHANTING +1 shortbow.
  2329 | D:4      | Found a staircase to the Ecumenical Temple.
  2330 | D:4      | 2330 ||| PLANNING TEMPLE
  2336 | D:4      | 2336 ||| UPGRADING to ring of protection from cold.
  2337 | D:4      | 2337 ||| READING scroll labelled XEOPLI DIMU.
  2338 | D:4      | 2338 ||| READING scroll labelled IGUURHE FICHUA.
  2339 | D:4      | 2339 ||| DRINKING 2 sedimented silvery potions.
  2340 | D:4      | 2340 ||| DROPPING potion of degeneration.
  2350 | Temple   | Entered the Ecumenical Temple
  2351 | Temple   | 2351 ||| PLANNING OKAWARU WORSHIP
  2365 | Temple   | Became a worshipper of Warmaster Okawaru
  2366 | Temple   | 2366 ||| PLANNING D:1-11
  2556 | D:4      | 2556 ||| READING scroll of enchant weapon.
  2556 | D:4      | 2556 ||| ENCHANTING +2 shortbow.
  2911 | D:4      | Reached skill level 6 in Ranged Weapons
  2934 | D:4      | Reached XP level 6. HP: 32/32 MP: 7/7
  3055 | D:5      | Entered Level 5 of the Dungeon
  3056 | D:5      | 3056 ||| STAIRDANCE
  3061 | D:5      | 3061 ||| STAIRDANCE
  3086 | D:5      | 3086 ||| STAIRDANCE
  3265 | D:5      | Reached skill level 6 in Dodging
  3291 | D:5      | Reached * piety under Okawaru
  3293 | D:5      | HP: 5/32 [hound (5)]
  3294 | D:5      | 3294 ||| READING scroll of teleportation.
  3295 | D:5      | Slain by a hound

Levels and vault maps discovered:
D:1:      dpeg_arrival_prison, layout_rooms
D:2:      layout_rooms
D:3:      layout_basic, minmay_statues_item, corexii_shack
D:4:      layout_layer_cave, minmay_temple_entry_proselytizer,
          gammafunk_ghost_mausoleum
D:5:      layout_rooms, uniq_grinder
Temple:   hellmonk_temple_beads

Skill      XL: |  1  2  3  4  5  6 |
---------------+-------------------+-----
Dodging        | 3 4 5 6 |  6.6
Ranged Weapons | 5 6 |  6.1
Fighting       | 2 |  2.4
Stealth        | |  1.5

Action                     |  1- 3 |  4- 6 || total
---------------------------+-------+-------++-------
   Fire: Shortbow          |    84 |   168 ||   252
    Use: Scroll            |     3 |    13 ||    16
         Potion            |       |     1 ||     1
 Armour: Robe              |    13 |    29 ||    42
  Dodge: Dodged            |    45 |    70 ||   115

Table legend:
 A = Non-vault XP
 B = Vault XP
 C = Vault XP percentage of total XP
 D = Non-vault monster count
 E = Vault monster count
 F = Vault count percentage of total count
                 A         B        C        D         E       F
            +---------+---------+-------+---------+---------+-------
      Total |     587 |      49 |   7.7 |      81 |       6 |   6.9
            +---------+---------+-------+---------+---------+-------
        D:1 |      48 |       6 |  11.1 |      22 |       4 |  15.4
        D:2 |      72 |       0 |   0.0 |      19 |       0 |   0.0
        D:3 |      37 |       2 |   5.1 |      18 |       1 |   5.3
        D:4 |     233 |      41 |  15.0 |      17 |       1 |   5.6
        D:5 |     197 |       0 |   0.0 |       5 |       0 |   0.0
            +---------+---------+-------+---------+---------+-------
